 Dungeon Crawl Stone Soup version 0.26-a0-682-g294304f6e8 (webtiles) character file.

Game seed: 17831234088924932203

(classic levelgen) 5 EnegeticOcto the Digger (level 1, -3/11 HPs)
             Began as a Halfling Earth Elementalist on Oct 20, 2020.
             Slain by a hobgoblin
             ... wielding a +0 club
              (4 damage)
             ... on level 1 of the Dungeon.
             The game lasted 00:00:29 (60 turns).

EnegeticOcto the Digger (Halfling Earth Elementalist) Turns: 60, Time: 00:00:30

Health: -3/11      AC:  2    Str:  9    XL:     1   Next: 88%
Magic:  0/3        EV: 15    Int: 13    God:
Gold:   0          SH:  0    Dex: 14    Spells: 2/3 levels left

rFire    . . .     SeeInvis .   a - +0 short sword
rCold    . . .     Faith    .   (shield restricted)
rNeg     . . .     Spirit   .   c - +0 robe
rPois    .         Reflect  .   (no helmet)
rElec    .         Harm     .   (no cloak)
rCorr    .         Rampage  .   (no gloves)
MR       .....                  (no boots)
Stlth    ++........             (no amulet)
HPRegen  0.03/turn              (no ring)
MPRegen  0.08/turn              (no ring)

@: no status effects
A: small, mutation resistance 1
a: no special abilities


You were on level 1 of the Dungeon.
You visited 1 branch of the dungeon, and saw 1 of its levels.

Inventory:

Hand Weapons
 a - a +0 short sword (weapon)
Missiles
 b - 24 stones (quivered)
Armour
 c - a +0 robe (worn)


   Skills:
 - Level 2.1 Dodging
 - Level 2.1 Stealth
 - Level 1.5 Spellcasting
   Level 0.5 Transmutations
 + Level 3.4 Earth Magic


You had 2 spell levels left.
You knew the following spells:

 Your Spells              Type           Power        Failure   Level
a - Sandblast             Erth           #.....       7%          1

Your spell library contained the following spells:

 Spells                   Type           Power        Failure   Level
 Passwall                 Tmut/Erth      #.......     19%         2
 Stone Arrow              Conj/Erth      #.....       36%         3
 Petrify                  Tmut/Erth      #.......     75%         4
 Lee's Rapid Deconstruct  Erth           #.........   88%         5


Dungeon Overview and Level Annotations

Branches:
Dungeon (1/15)

Altars:


Innate Abilities, Weirdness & Mutations

You are small and have problems with some larger weapons.
You are somewhat resistant to further mutation.


Message History

You barely miss the jackal.
The jackal is severely wounded.
The jackal closely misses you. The jackal bites you.
You barely miss the jackal.
The jackal is severely wounded.
You hit the jackal but do no damage.
The jackal is severely wounded.
The jackal bites you.
Casting: Sandblast (safe; 8% risk of failure)
Confirm with . or Enter, or press ? or * to list all spells.
Press: ? - help, Shift-Dir - straight line, f - jackal
Aim: a jackal The blast of sand hits the jackal.
The jackal is severely wounded.
b - 29 stones The jackal bites you. x2
The jackal splashes around in the water.
The jackal bites you.
Casting: Sandblast (safe; 8% risk of failure)
Confirm with . or Enter, or press ? or * to list all spells.
Aiming: Sandblast (safe; 8% risk of failure)
Press: ? - help, Shift-Dir - straight line, f/p - jackal
Aim: a jackal (severely wounded)
The blast of sand hits the jackal.
You kill the jackal!
b - 28 stones The jackal barely misses you.
Casting: Sandblast (safe; 8% risk of failure)
Confirm with . or Enter, or press ? or * to list all spells.
Aiming: Sandblast (safe; 8% risk of failure)
Press: ? - help, Shift-Dir - straight line, f - jackal
Aim: a jackal (severely wounded)
The blast of sand hits the jackal!
You kill the jackal!
b - 27 stones
There is an open door, spattered with blood here.
Found a stone staircase leading down.
A kobold comes into view. It is wielding a +0 dagger.
Found 25 stones.
The kobold shouts!
You hear a bark!
There is a stone staircase leading down here.
Casting: Sandblast (safe; 7% risk of failure)
Confirm with . or Enter, or press ? or * to list all spells.
Aiming: Sandblast (safe; 7% risk of failure)
Press: ? - help, Shift-Dir - straight line, f - kobold
Aim: a kobold, wielding a +0 dagger The blast of sand hits the kobold but does no damage.
b - 26 stones You miss the kobold.
The kobold closely misses you.
You hit the kobold but do no damage.
A jackal comes into view.
The kobold barely misses you.
The jackal moves out of view.
You barely miss the kobold.
A jackal comes into view.
The kobold misses you.
You barely miss the kobold. The kobold closely misses you.
The jackal barks!
You hear a bark!
You hear a shout!
Found a club.
A hobgoblin comes into view. It is wielding a +0 club.
The jackal barely misses you.
Found 2 bubbling white potions.
The hobgoblin closely misses you.
Found 4 gold pieces.
The jackal barely misses you.
Found a short sword.
You barely miss the jackal. The jackal misses you.
The kobold barely misses you. The hobgoblin barely misses you.
Casting: Sandblast (safe; 7% risk of failure)
Confirm with . or Enter, or press ? or * to list all spells.
Press: ? - help, Shift-Dir - straight line, f - jackal, p - kobold
Aim: a jackal The blast of sand hits the jackal!
You kill the jackal!
b - 25 stones The jackal closely misses you.
The kobold hits you but does no damage. The hobgoblin barely misses you.
The jackal bites you but does no damage.
The jackal closely misses you. The jackal misses you. The jackal misses you.
You see here a short sword.
a - a +0 short sword (weapon)
The jackal closely misses you.
You barely miss the jackal. The jackal barely misses you.
You closely miss the jackal. The jackal misses you. The jackal bites you.
You barely miss the jackal. The jackal misses you.
You hit the jackal but do no damage. The jackal bites you.
* * * LOW HITPOINT WARNING * * *
The jackal bites you.
* * * LOW HITPOINT WARNING * * *
Casting: Sandblast (safe; 7% risk of failure)
Confirm with . or Enter, or press ? or * to list all spells.
Aiming: Sandblast (safe; 7% risk of failure)
Press: ? - help, Shift-Dir - straight line, f - jackal
Aim: a jackal The blast of sand hits the jackal!
You kill the jackal!
b - 24 stones The hobgoblin hits you with a +0 club.
You die...

..# #.# #.# #.# .. # #.#
#.###.##### #
#.#####......@g.#
####....##..######K#
............# #.#
####+#......# #.#
≈.≈.≈#......# #.#
.≈.P.#......# #.#
≈...≈#......# #.#
≈.≈.≈#..#...######.#####
≈.≈≈≈#.................#


You could see a hobgoblin and a kobold.

Vanquished Creatures
  4 jackals (D:1)
4 creatures vanquished.

Notes
Turn   | Place    | Note
-------+----------+-------------------------------------------
     0 | D:1      | EnegeticOcto the Halfling Earth Elementalist began the
                  | quest for the Orb.
     0 | D:1      | Reached XP level 1. HP: 11/11 MP: 3/3
    60 | D:1      | Slain by a hobgoblin

Illustrated notes

Levels and vault maps discovered:
D:1:      lightli_arrival_flooded_house, layout_rooms

Action                   || total
-------------------------++-------
Melee: Unarmed           ||     9
       Short sword       ||     4
 Cast: Sandblast         ||     6
Armor: Robe              ||     2
Dodge: Dodged            ||    22

Table legend: (Time is in decaauts)
 A = Elapsed time spent in this place.
 B = Non-inter-level travel time spent in this place.
 C = Inter-level travel time spent in this place.
 D = Time resting spent in this place.
 E = Time spent auto-exploring this place.
 F = Levels seen in this place.
 G = Mean time per level.
                   A        B        C        D        E       F      G
               +--------+--------+--------+--------+--------+-----+--------+
         Total |     59 |     59 |      0 |      0 |      0 |   1 |   59.0 |
       Dungeon |     59 |     59 |      0 |      0 |      0 |   1 |   59.0 |
               +--------+--------+--------+--------+--------+-----+--------+

Top non-repeatable levels by time:
     D:1: 59 daAuts
